 Dungeon Crawl Stone Soup version 0.27.1-2-g3b301248ec (webtiles) character file.

Game seed: 13856591265450250599

7096 jlumianski the Cleaver (level 10, -1/92 HPs)
             Began as a Deep Dwarf Fighter on Sept 29, 2021.
             Was an Elder of Makhleb.
             Slain by a hornet (5 damage)
             ... on level 9 of the Dungeon.
             The game lasted 00:54:42 (7509 turns).

jlumianski the Cleaver (Deep Dwarf Fighter)         Turns: 7509, Time: 00:54:43

Health: -1/92      AC: 11    Str: 24    XL:     10   Next: 84%
Magic:  7/7        EV: 14    Int:  8    God:    Makhleb [****..]
Gold:   498        SH: 12    Dex: 18    Spells: 9/9 levels left

rFire    . . .     SeeInvis .   a - +0 war axe
rCold    . . .     Faith    .   c - +0 kite shield
rNeg     . . .     Spirit   .   Q - +0 steam dragon scales
rPois    .         Reflect  .   m - +0 helmet
rElec    .         Harm     .   r - +0 cloak
rCorr    .         Rampage  .   (no gloves)
Will     ++...                  g - +1 pair of boots
Stlth    ++........             (no amulet)
HPRegen  0.00/turn              M - ring of willpower
MPRegen  0.10/turn              R - +6 ring of dexterity

@: lethally poisoned (-1 -> -1), slowed, very slow
A: damage resistance, heal wounds, sense surroundings 2, no regeneration
a: Heal Wounds, Renounce Religion, Minor Destruction, Lesser Servant of Makhleb,
Major Destruction


You were on level 9 of the Dungeon.
You worshipped Makhleb.
Makhleb was greatly pleased with you.
You visited 1 branch of the dungeon, and saw 9 of its levels.
You also visited: Sewer and Ossuary.

You collected 556 gold pieces.
You spent 58 gold pieces at shops.

Inventory:

Hand Weapons
 a - a +0 war axe (weapon)
 o - a +1 shortbow of flaming
 q - a +3 quarterstaff of chaos
 x - a +4 scimitar of flaming
 G - a +1 spear of venom
 K - a +0 whip of freezing
 L - the +8 hunting sling "Efebaacs" {freeze, Will+ Str+6}
   (You found it on level 6 of the Dungeon)

   Any ammunition fired from it freezes those it strikes, dealing additional
   cold damage.
   It can also slow down cold-blooded creatures.
   Str:       It affects your strength (+6).
   Will:      It increases your willpower.
 P - a +0 long sword of flaming
Missiles
 e - 143 stones
 i - 34 bolts
 j - 15 sling bullets
 l - 13 boomerangs
 D - 10 poisoned darts (quivered)
 S - 2 silver boomerangs
Armour
 b - a +0 scale mail
 c - a +0 kite shield (worn)
 g - a +1 pair of boots (worn)
 m - a +0 helmet (worn)
 r - a +0 cloak (worn)
 t - a scarf of harm
 v - a +0 cloak
 Q - +0 steam dragon scales (worn)
Magical Staves
 H - a staff of earth
Jewellery
 w - a ring of ice
 M - a ring of willpower (left hand)
 O - a ring of ice
 R - a +6 ring of dexterity (right hand)
Wands
 p - a wand of polymorph (18)
 E - a wand of paralysis (13)
 T - a wand of iceblast (4)
Scrolls
 d - 2 scrolls of fear
 h - 2 scrolls of teleportation
 u - a scroll of fog
 y - a scroll of summoning
 I - a scroll of blinking
 U - a scroll of identify
 V - a scroll of torment
 W - a scroll of magic mapping
Potions
 f - 5 potions of heal wounds
 k - 3 potions of lignification
 n - 2 potions of berserk rage
 s - 3 potions of attraction
 z - 2 potions of might
 A - a potion of haste
 B - a potion of invisibility
 C - a potion of cancellation
 F - a potion of magic
 J - 2 potions of ambrosia
 N - 2 potions of curing


   Skills:
 + Level 6.3 Fighting
 + Level 10.8 Axes
 + Level 5.7(5.9) Slings
 + Level 1.5(3.4) Throwing
 + Level 7.4 Armour
 + Level 5.7 Dodging
 + Level 2.5 Stealth
 + Level 7.8 Shields


You had 9 spell levels left.
You didn't know any spells.
Your spell library contained the following spells:

 Spells                   Type           Power      Damage    Failure   Level
 Sandblast                Erth           0%         2d4       73%         1
 Sting                    Tmut/Pois      0%         1d3       73%         1
 Call Imp                 Summ           0%         N/A       86%         2
 Passwall                 Tmut/Erth      0%         N/A       86%         2
 Poisonous Vapours        Pois/Air       0%         N/A       86%         2
 Frozen Ramparts          Ice            0%         1d2       97%         3
 Ignite Poison            Fire/Tmut/Pois 0%         N/A       97%         3
 Mephitic Cloud           Conj/Pois/Air  0%         N/A       97%         3
 Swiftness                Air            0%         N/A       97%         3
 Hailstorm                Conj/Ice       0%         3d3       100%        4
 Ice Form                 Ice/Tmut       0%         N/A       100%        4
 Olgreb's Toxic Radiance  Pois           0%         N/A       100%        4
 Summon Ice Beast         Ice/Summ       0%         N/A       100%        4
 Alistair's Intoxication  Tmut/Pois      0%         N/A       100%        5
 Bolt of Magma            Conj/Fire/Erth 0%         4d4       100%        5
 Borgnjor's Vile Clutch   Necr/Erth      0%         N/A       100%        5
 Lee's Rapid Deconstruct  Erth           0%         3d5*      100%        5
 Eringya's Noxious Bog    Tmut/Pois      0%         N/A       100%        6
 Invisibility             Hex            0%         N/A       100%        6
 Simulacrum               Ice/Necr       0%         N/A       100%        6


Dungeon Overview and Level Annotations

Branches:
Dungeon (9/15)             Temple (0/1) D:4             Orc (0/2) D:9
  Sewer (visited)         Ossuary (visited)
   Lair: D:8-11

Altars:
Ashenzari
Elyvilon
Fedhas
Hepliaklqana
Makhleb
Nemelex Xobeh
Ru
Sif Muna
Trog

Shops:
D:2 [[[!   D:7 !   D:8 [


Innate Abilities, Weirdness & Mutations

You are resistant to damage.
You can heal yourself by infusing magical energy.
You passively map the area around you.
You do not regenerate.


Message History

The hellwing disappears in a puff of smoke!
The orange demon disappears in a puff of smoke!
You hit the troll. The troll barely misses you. The troll claws you. x2
You block the hornet's attack.
The gnoll sergeant hits you but does no damage.
The hornet closely misses you. The troll barely misses you.
The troll misses you. You block the troll's attack.
The hornet completely misses you. You block the hornet's attack.
The hornet completely misses you.
The hornet stings you but does no damage.
You block the hornet's attack. The hornet closely misses you.
The hornet closely misses you. You block the hornet's attack.
The hornet stings you!
You are poisoned.
You feel yourself slow down. You block the hornet's attack.
You feel yourself speed up. The hornet stings you!
* * * LOW HITPOINT WARNING * * *
You feel yourself slow down.
You feel yourself speed up. The hornet stings you!
* * * LOW HITPOINT WARNING * * *
You are more poisoned.
You feel yourself slow down.
You feel yourself speed up. The hornet stings you!
* * * LOW HITPOINT WARNING * * *
You feel yourself slow down. You block the hornet's attack.
The hornet stings you!
* * * LOW HITPOINT WARNING * * *
You feel as though you will be slow longer.
You block the hornet's attack. The hornet closely misses you.
You block the hornet's attack. The hornet stings you!
You die...

#..........###)#.#...##.####
#.......#...#..)...)###.....
###...###....###.##.###.####
#...# #..#)# #.##.))..####
##.## #..#)# #.####)##....
#.####..#.###.#.......###
#.............#.####...# **
*####..........# #...# ,
#.#@######## #...# * #.#y#
##.### * # #c# #.... #.#
####. *,#T# #. * * #g# #. ,,
, #z# #. ##* **** #z# #. .##
#.# #########.


You could see a troll, a hornet, a gnoll sergeant, a centaur and 2 wights.

Vanquished Creatures
  Erica (D:8)
  A two-headed ogre (D:7)
  Pikel (D:5)
  Joseph (D:8)
  A kobold demonologist (D:9)
  A hornet (D:9)
  Sigmund (D:3)
  6 yaks (D:9)
  2 steam dragons
  Menkaure (D:5)
  5 orc warriors
  A hornet zombie (D:5)
  An ice beast (D:5)
  A sky beast (D:4)
  2 necrophages
  A centaur (D:8)
  An ogre (D:5)
  A phantom (D:6)
  2 lemures (D:5)
  An elf zombie (Ossuary)
  A kobold brigand (D:8)
  A bullfrog (D:7)
  3 scorpions
  A wyvern skeleton (D:7)
  2 water moccasin skeletons
  3 killer bees (D:5)
  A howler monkey (D:7)
  3 centaur zombies
  4 hounds
  A human zombie (Ossuary)
  7 orc priests
  Crazy Yiuf (D:2)
  A bullfrog skeleton (D:5)
  4 iguanas
  10 orc wizards
  Natasha (D:2)
  A hound skeleton (D:4)
  2 mummies (Ossuary)
  A howler monkey zombie (D:7)
  2 gnolls
  15 adders
  2 river rats (Sewer)
  A shadow imp (D:5)
  A white imp (D:6)
  2 ufetubi (D:6)
  2 adder zombies (Ossuary)
  2 adder skeletons (D:4)
  A worm (D:4)
  2 dart slugs
  46 orcs
  11 ball pythons
  7 endoplasms
  4 giant cockroaches
  4 goblins
  11 hobgoblins
  10 jackals
  3 quokkas
  6 bats
  7 frilled lizards
  6 goblin zombies (Ossuary)
  10 hobgoblin zombies (Ossuary)
  A jackal zombie (Ossuary)
  10 kobolds
  5 kobold zombies (Ossuary)
  11 orc zombies (Ossuary)
  A quokka skeleton (D:4)
  10 rats
273 creatures vanquished.

Vanquished Creatures (others)
  2 plants (D:1)
2 creatures vanquished.

Grand Total: 275 creatures vanquished

Notes
Turn   | Place    | Note
-------+----------+-------------------------------------------
     0 | D:1      | jlumianski the Deep Dwarf Fighter began the quest for the
                  | Orb.
     0 | D:1      | Reached XP level 1. HP: 20/20 MP: 1/1
   160 | D:1      | Reached XP level 2. HP: 22/28 MP: 2/2
   234 | D:2      | Found Elaug's Antique Armour Shop.
   409 | D:1      | Reached XP level 3. HP: 21/34 MP: 3/3
   721 | D:1      | Found a faded altar of an unknown god.
   726 | D:1      | Reached skill level 1 in Dodging
   995 | D:2      | Reached skill level 3 in Axes
  1042 | D:2      | Reached XP level 4. HP: 17/42 MP: 4/4
  1096 | D:2      | Found Dytorch's Armour Boutique.
  1196 | D:2      | Found Ewylach's Armour Shop.
  1217 | D:2      | Bought a +0 helmet for 58 gold pieces
  1252 | D:2      | Found Jiparuohot's Distillery.
  1527 | D:2      | Found a runed translucent door.
  1528 | D:2      | Noticed Crazy Yiuf
  1739 | D:2      | Noticed Natasha
  1742 | D:2      | Killed Natasha
  1743 | D:2      | Reached XP level 5. HP: 30/49 MP: 5/5
  1862 | D:2      | Killed Crazy Yiuf
  1863 | D:2      | Reached skill level 4 in Axes
  2375 | D:3      | Found a burning altar of Makhleb.
  2385 | D:3      | Became a worshipper of Makhleb the Destroyer
  2437 | D:3      | Noticed Sigmund
  2455 | D:3      | HP: 2/49 [Sigmund/puff of flame (6)]
  2461 | D:3      | Killed Sigmund
  2462 | D:3      | Reached XP level 6. HP: 26/56 MP: 6/6
  2600 | D:4      | Found a glowing drain.
  2619 | D:4      | Reached skill level 5 in Axes
  2681 | Sewer    | Entered a sewer
  2704 | Sewer    | Reached XP level 7. HP: 21/62 MP: 7/7
  2811 | Sewer    | Reached skill level 5 in Shields
  3161 | D:4      | Reached * piety under Makhleb
  3171 | D:4      | Found a broken altar of Ashenzari.
  3257 | D:4      | Found a sacrificial altar of Ru.
  3289 | D:4      | Reached skill level 5 in Armour
  3336 | D:5      | Entered Level 5 of the Dungeon
  3409 | D:4      | Found a staircase to the Ecumenical Temple.
  3722 | D:5      | Noticed Menkaure
  3732 | D:5      | Killed Menkaure
  3733 | D:5      | Reached skill level 6 in Axes
  3799 | D:5      | Reached skill level 1 in Throwing
  3827 | D:5      | Reached XP level 8. HP: 52/72 MP: 6/6
  3864 | D:5      | Reached skill level 7 in Axes
  4058 | D:5      | Reached skill level 1 in Stealth
  4287 | D:5      | Reached ** piety under Makhleb
  4464 | D:5      | Reached skill level 8 in Axes
  4501 | D:6      | Noticed Pikel
  4550 | D:5      | Killed Pikel
  4551 | D:5      | Gained mutation: You passively map the area around you.
                  | [Deep Dwarf growth]
  4551 | D:5      | Reached XP level 9. HP: 36/79 MP: 7/7
  4563 | D:6      | Identified the +8 hunting sling "Efebaacs" {freeze, Will+
                  | Str+6}
  4701 | D:6      | Reached skill level 1 in Slings
  4776 | D:6      | Found a white marble altar of Elyvilon.
  4917 | D:6      | Found a blossoming altar of Fedhas.
  4985 | D:6      | Found a hazy altar of Hepliaklqana.
  4995 | D:6      | Found a sparkling altar of Nemelex Xobeh.
  5179 | D:7      | Reached skill level 9 in Axes
  5189 | D:7      | Found Unoh's Distillery.
  5216 | D:7      | Reached skill level 5 in Fighting
  5345 | D:7      | Noticed a two-headed ogre
  5361 | D:7      | Killed a two-headed ogre
  5362 | D:7      | Reached XP level 10. HP: 31/88 MP: 7/7
  5598 | D:7      | Found a bloodstained altar of Trog.
  5604 | D:7      | Found a shimmering blue altar of Sif Muna.
  5613 | D:7      | Got Sif Muna's Tome of Calling
  5794 | D:8      | Noticed Joseph
  5808 | D:8      | Killed Joseph
  5809 | D:8      | Reached skill level 10 in Axes
  5857 | D:8      | Found Nidaug's Antique Armour Boutique.
  5921 | D:8      | Found a sand-covered staircase.
  5926 | Ossuary  | Entered an ossuary
  5986 | Ossuary  | Reached *** piety under Makhleb
  6582 | D:8      | Noticed Erica
  6602 | D:8      | Killed Erica
  6603 | D:8      | Reached skill level 5 in Dodging
  7067 | D:9      | Reached skill level 5 in Slings
  7076 | D:9      | Reached **** piety under Makhleb
  7306 | D:9      | Found a staircase to the Orcish Mines.
  7475 | D:9      | Noticed an orange demon
  7506 | D:9      | HP: 4/92 [hornet (6)]
  7509 | D:9      | Slain by a hornet

Illustrated notes

Levels and vault maps discovered:
D:1:      ebering_trefoil_twist, layout_basic,
          dilly_ecumenical_altar_fadedgnrine,
          hangedman_abyss_or_decor_lesser_grid
D:2:      layout_basic, serial_shops, nicolae_shop_window_shopping, shop, shop,
          nicolae_shop_behind_doors, uniq_crazy_yiuf_cottage, uniq_natasha
D:3:      layout_basic, mainiacjoe_overflow_tiny_flanked,
          grunt_decor_resistance, uniq_sigmund
D:4:      layout_basic, mainiacjoe_overflow_concentric_impassable,
          nicolae_ru_awakened_eye, minmay_temple_entry_glass,
          gup_sewer_entry_glass
D:5:      layout_basic, amcnicky_mini_rare_corridor_liquid,
          minmay_chambers_of_fives, uniq_menkaure
D:6:      layout_cave_pools, nicolae_elyvilon_peaceful_grove, fedhas_altar_4,
          mainiacjoe_overflow_catch_the_wave, uniq_pikel
D:7:      layout_cave_pools, nzn_overflow_gifts_of_might_and_magic,
          serial_shops, nicolae_shop_window_shopping
D:8:      layout_loops_ring, serial_shops, shop,
          nicolae_ossuary_entry_false_entrances, uniq_joseph, uniq_erica
D:9:      layout_loops_ring, hiddenorc2_lemuel, special_room [special_room_orc],
          serial_shops, nicolae_lakefront_shop, minmay_fractal_squares_5

Skill      XL: |  1  2  3  4  5  6  7  8  9 10 |
---------------+-------------------------------+-----
Fighting       | 3 4 5 6 |  6.3
Dodging        | 1 2 4 5 |  5.7
Axes           | 3 4 5 6 8 9 10 | 10.8
Shields        | 4 5 6 7 |  7.8
Armour         | 4 5 6 7 |  7.4
Throwing       | 1 |  1.5
Stealth        | 1 2 |  2.5
Slings         | 3 5 |  5.7

Action                   |  1- 3 |  4- 6 |  7- 9 | 10-12 || total
-------------------------+-------+-------+-------+-------++-------
Melee: War axe           |   116 |   162 |   354 |   182 ||   814
       Unarmed           |       |    10 |       |       ||    10
 Fire: Hunting sling     |       |       |    45 |    99 ||   144
Throw: Stone             |     1 |       |       |       ||     1
       Boomerang         |       |     6 |     5 |       ||    11
       Dart              |       |       |    13 |       ||    13
 Abil: Heal Wounds       |       |     3 |    11 |     3 ||    17
Evoke: Wand              |       |       |     1 |       ||     1
  Use: Scroll            |     1 |     1 |     6 |    10 ||    18
       Potion            |       |     2 |     3 |     1 ||     6
 Stab: Paralysed         |       |       |     2 |       ||     2
Armor: Scale mail        |    84 |    73 |   167 |       ||   324
       Steam dragon scal |       |       |       |    56 ||    56
Dodge: Dodged            |    47 |    75 |   129 |    71 ||   322
Block: Kite shield       |    86 |   121 |   214 |   106 ||   527
